 Dungeon Crawl Stone Soup version 0.30-a0-726-gd89dcf765f (webtiles) character file.

Game seed: 4975731142699167927

78996 hikkokomori the Fighter (level 15, -2/127 HPs)
             Began as a Merfolk Gladiator on Jan 29, 2023.
             Was a High Priest of Okawaru.
             Slain by a very large slime creature (54 damage)
             ... on level 12 of the Dungeon.
             The game lasted 01:03:57 (19491 turns).

hikkokomori the Fighter (Merfolk Gladiator)        Turns: 19491, Time: 01:03:58

Health: -2/127     AC: 16    Str: 18    XL:     15   Next: 62%
Magic:  26/26      EV: 19    Int: 11    God:    Okawaru [*****.]
Gold:   1869       SH:  7    Dex: 23    Spells: 19/29 levels left

rFire   + . .      SeeInvis +    G - +5 demon blade (freeze)
rCold   + + .      Faith    .    P - +0 buckler {rC+}
rNeg    + . .      Spirit   .    E - +5 ring mail of the Weak God {rF+ Str+3 Int+4}
rPois   +          Reflect  .    c - +0 helmet
rElec   .          Harm     .    J - +2 cloak of the Thief {*Fog Slay-2 SInv Stlth+}
rCorr   .          Rampage  .    s - +0 pair of gloves
Will    +++..                    (no boots)
Stlth   +++++                    b - amulet of Riangupn {Regen+ Int+3}
HPRegen 1.21/turn                x - ring of Xadenuoj {rC+ rN+ Will++ Int-3 Slay+3}
MPRegen 0.20/turn                U - ring of poison resistance

@: no status effects
A: (nimble swimmer 2), mertail
a: Renounce Religion, Heroism, Finesse, Duel


You were on level 12 of the Dungeon.
You worshipped Okawaru.
Okawaru was extremely pleased with you.
You visited 3 branches of the dungeon, and saw 19 of its levels.
You also visited: Sewer, Ice Cave and Volcano.

You collected 2235 gold pieces.
You spent 366 gold pieces at shops.

Inventory:

Hand Weapons
 n - a +2 scimitar of flaming
 G - a +5 demon blade of freezing (weapon)
 X - the +3 falchion "Widowermaker" {drain, rF- Str+7}
   (Okawaru gifted it to you on level 3 of the Lair of Beasts)

   Str:       It affects your strength (+7).
   rF:        It makes you vulnerable to fire.
Missiles
 d - 5 throwing nets
 e - 8 javelins (quivered)
 p - 10 curare-tipped darts
 O - 5 boomerangs of dispersal
Armour
 c - a +0 helmet (worn)
 j - a +1 cloak
 s - a +0 pair of gloves (worn)
 E - the +5 ring mail of the Weak God (worn) {rF+ Str+3 Int+4}
   (You found it on level 5 of the Dungeon)

   Str:       It affects your strength (+3).
   Int:       It affects your intelligence (+4).
   rF:        It protects you from fire.
 J - the +2 cloak of the Thief (worn) {*Fog Slay-2 SInv Stlth+}
   (You bought it in a shop on level 2 of the Orcish Mines)

   *Fog:      It may release a thick cloud of smoke when the wearer is hurt.
   Slay:      It affects your accuracy & damage with ranged weapons and melee
   (-2).
   SInv:      It lets you see invisible.
   Stlth:     It makes you more stealthy.
 P - a +0 buckler of cold resistance (worn)
 Y - the +8 chain mail of Curiosity {rF+}
   (Okawaru gifted it to you on level 4 of the Lair of Beasts)

   rF:        It protects you from fire.
Jewellery
 a - a ring of positive energy
 b - the amulet of Riangupn (around neck) {Regen+ Int+3}
   (You found it in an ice cave)

   [amulet of regeneration]

   Int:       It affects your intelligence (+3).
   Regen:     It increases your rate of health regeneration.
 h - the ring "Erakhlao" {Ice Contam rElec rN+ Str+2}
   (You found it in an ice cave)

   [ring of ice]

   It enhances your ice magic.
   Str:       It affects your strength (+2).
   rF:        It makes you vulnerable to fire.
   rC:        It protects you from cold.
   rElec:     It insulates you from electricity.
   rN:        It protects you from negative energy.
   Contam:    It causes magical contamination when unequipped.
 x - the ring of Xadenuoj (left hand) {rC+ rN+ Will++ Int-3 Slay+3}
   (You found it in an ice cave)

   [ring of protection from cold]

   Int:       It affects your intelligence (-3).
   Slay:      It affects your accuracy & damage with ranged weapons and melee
   (+3).
   rC:        It protects you from cold.
   rN:        It protects you from negative energy.
   Will:      It greatly increases your willpower.
 y - a ring of see invisible
 N - a +6 ring of strength
 R - a ring of protection from fire
 U - a ring of poison resistance (right hand)
Wands
 F - a wand of quicksilver (12)
 H - a wand of flame (9)
 W - a wand of iceblast (5)
Scrolls
 g - 2 scrolls of amnesia
 m - a scroll of enchant armour
 o - a scroll of fear
 r - 4 scrolls of teleportation
 v - 2 scrolls of fog
 w - 2 scrolls of blinking
 A - 6 scrolls of immolation
 S - 4 scrolls of identify
Potions
 f - 5 potions of lignification
 i - 8 potions of magic
 k - 8 potions of curing
 l - 3 potions of brilliance
 q - 3 potions of heal wounds
 t - a potion of attraction
 u - a potion of invisibility
 z - 2 potions of mutation
 B - a potion of flight
 C - 4 potions of might
 D - a potion of resistance
 K - 2 potions of ambrosia
 M - 4 potions of cancellation
 Q - 3 potions of haste
 V - 2 potions of berserk rage
 Z - a potion of degeneration
Miscellaneous
 I - a lightning rod (4/4)


   Skills:
 + Level 14.8 Fighting
 + Level 13.3 Long Blades
 - Level 2.0 Throwing
 - Level 5.2 Armour
 - Level 11.7 Dodging
 - Level 8.4 Stealth
 - Level 5.9 Shields
 - Level 7.9 Spellcasting
 - Level 5.2 Transmutations
 - Level 6.7 Earth Magic
 - Level 8.2 Invocations
 + Level 7.5 Evocations


You had 19 spell levels left.
You knew the following spells:

 Your Spells              Type           Power      Damage    Failure   Level
a - Petrify               Tmut/Erth      17%        N/A       28%         4
b - Ozocubu's Armour      Ice            4%         N/A       71%         3
c - Swiftness             Air            4%         N/A       71%         3

Your spell library contained the following spells:

 Spells                   Type           Power      Damage    Failure   Level
 Shock                    Conj/Air       16%        1d4       34%         1
 Sublimation of Blood     Necr           4%         N/A       45%         2
 Hailstorm                Conj/Ice       4%         3d4       71%         3
 Ice Form                 Ice/Tmut       10%        N/A       75%         4
 Borgnjor's Vile Clutch   Necr/Erth      5%         N/A       93%         5
 Airstrike                Air            2%         2d(1-17)  98%         4
 Dispel Undead            Necr           4%         3d7       98%         4
 Flame Wave               Conj/Fire      4%         2d5       98%         4
 Statue Form              Tmut/Erth      11%        N/A       99%         6
 Fireball                 Conj/Fire      2%         3d4       100%        5
 Freezing Cloud           Conj/Ice/Air   2%         6-21      100%        5
 Metabolic Englaciation   Hex/Ice        2%         N/A       100%        5
 Ozocubu's Refrigeration  Ice            2%         4d7       100%        7
 Polar Vortex             Ice            2%         N/A       100%        9
 Animate Dead             Necr           Unusable   N/A       N/A         4
 Death Channel            Necr           Unusable   N/A       N/A         6
 Simulacrum               Ice/Necr       Unusable   N/A       N/A         6

Dungeon Overview and Level Annotations

Branches:
Dungeon (12/15)            Temple (0/1) D:6            Lair (5/5) D:10
  Swamp (0/4) Lair:3       Spider (0/4) Lair:3        Slime (0/5) Lair:4
    Orc (2/2) D:11            Elf (0/3) Orc:2         Sewer (visited)
  IceCv (visited)         Volcano (visited)

Altars:
Dithmenos
Elyvilon
Fedhas
Gozag
Hepliaklqana
Kikubaaqudgha
Makhleb
Nemelex Xobeh
Okawaru
Qazlal
Ru
Sif Muna
Uskayaw
Xom
The Shining One

Shops:
D:3 *   D:12 **   Orc:2 *([:

Annotations:
D:10 2 transporters
D:11 3 transporters
D:12 Fannar


Innate Abilities, Weirdness & Mutations

((You are very nimble when in or above water. (Stealth+, EV+, Speed+++)))
Your lower body shifts to a powerful aquatic tail in water.


Message History

Fannar is severely wounded.
You slash Fannar!
Fannar is almost dead.
Fannar hits you with a +0 quarterstaff of freezing!
Fannar freezes you. The slime creature hits you. x2
You miss Fannar.
Fannar is almost dead.
Fannar casts a spell.
The slime creature closely misses you. The slime creature hits you.
You closely miss Fannar.
Fannar is almost dead.
You hit Fannar but do no damage.
Fannar is almost dead.
Fannar misses you.
The slime creature completely misses you.
The slime creature hits you but does no damage.
Two slime creatures merge to form a large slime creature.
Two slime creatures merge to form a very large slime creature.
You miss Fannar.
Fannar is almost dead.
Fannar gestures wildly while chanting.
Fannar blinks!
The slime creature hits you but does no damage.
You slash the very large slime creature!
You freeze the very large slime creature.
The very large slime creature is lightly wounded.
You hit the very large slime creature.
You freeze the very large slime creature.
The very large slime creature is lightly wounded.
The slime creature hits you but does no damage.
The very large slime creature closely misses you.
The ice beast barely misses you.
You slice the very large slime creature!!
You freeze the very large slime creature.
The very large slime creature is moderately wounded.
The slime creature completely misses you.
The very large slime creature hits you!!!
The very large slime creature attacks as you move away!
The very large slime creature hits you!!!
You die...

..
.........#........#.....#
..
.......<.#........#.....#
..
########.#........#.....#
.. #.#........#.....#
#.####.....#.....#
#....#######.....#
#.................
#####.....$....
......eJ@######
#####..JY# #....# #....#
#....# #....# .....#
.......


You could see Fannar, a very large slime creature, a slime creature and an ice
beast (summoned).

Vanquished Creatures
  2 azure jellies (IceCv)
  A quicksilver ooze (IceCv)
  A dire elephant (Lair:4)
  An ettin (Orc:1)
  An ogre mage (Volcano)
  6 hydras
  A merfolk avatar (Lair:5)
  2 boulder beetles
  2 alligators (Lair:4)
  Erica (D:9)
  8 two-headed ogres
  9 death yaks
  3 orc high priests
  A hell knight (Volcano)
  Amaemon (D:9)
  A goliath frog (Lair:4)
  A sea snake (Lair:5)
  Pikel (D:8)
  5 orc knights
  A harpy (Lair:5)
  5 orc sorcerers
  An ugly thing (D:11)
  A cyclops (D:9)
  An oklob plant (Lair:1)
  3 manticores
  Maurice (D:8)
  2 ice statues (IceCv)
  3 black mambas
  13 elephants
  5 torpor snails
  10 cane toads
  2 molten gargoyles (Volcano)
  An orange demon (D:9)
  A kobold demonologist (D:9)
  An unseen horror (D:11)
  Maggie (D:7)
  6 rime drakes
  8 komodo dragons
  An unseen horror zombie (D:8)
  3 polar bears
  4 trolls
  2 tyrant leeches (Lair:4)
  A hornet (D:7)
  Grinder (D:5)
  8 blink frogs (Lair:5)
  4 dream sheep (Lair:5)
  12 slime creatures (IceCv)
  A snapping turtle (Lair:5)
  4 shadows
  7 wyverns
  28 yaks
  A wraith (D:9)
  2 fire bats (Volcano)
  Grum (Lair:1)
  2 basilisks
  4 steam dragons
  7 vampire mosquitoes
  Menkaure (D:6)
  3 swamp worms (Lair:4)
  5 wargs
  An acid dragon (D:12)
  20 water moccasins
  16 orc warriors
  3 sky beasts
  A hornet zombie (D:8)
  5 great orb of eyes simulacra (IceCv)
  2 black bears
  2 ice beasts
  21 wolves
  6 centaurs
  9 ogres
  A lemure (D:8)
  4 slime creature simulacra (IceCv)
  2 phantoms
  13 kobold brigands
  4 necrophages
  15 bullfrogs
  2 gnoll sergeants
  A wyvern zombie (D:8)
  2 scorpions
  4 glowing shapeshifter simulacra (IceCv)
  7 wights
  21 killer bees
  An electric eel (Lair:4)
  7 lava snakes (Volcano)
  6 howler monkeys
  2 centaur zombies (D:8)
  7 jellies
  19 orc priests
  5 hounds
  12 orc wizards
  3 iguanas
  7 hell rats
  3 killer bee zombies (D:8)
  4 howler monkey zombies (D:8)
  16 gnolls
  15 adders
  2 river rats (Sewer)
  2 ufetubi (D:5)
  5 worms
  3 dart slugs
  60 orcs
  5 ball pythons
  16 endoplasms
  A giant cockroach (D:5)
  7 goblins
  5 hobgoblins
  27 kobolds
  3 quokkas (D:1)
  4 bats
  8 frilled lizards
  9 rats
642 creatures vanquished.

Vanquished Creatures (others)
  An orc high priest (Orc:2)
  An orc priest (Orc:2)
  31 fungi
  52 plants
  4 withered plants (D:8)
89 creatures vanquished.

Grand Total: 731 creatures vanquished

Notes
Turn   | Place    | Note
-------+----------+-------------------------------------------
     0 | D:1      | hikkokomori the Merfolk Gladiator began the quest for the
                  | Orb.
     0 | D:1      | Reached XP level 1. HP: 16/16 MP: 1/1
   147 | D:1      | Reached skill level 1 in Stealth
   147 | D:1      | Reached XP level 2. HP: 14/23 MP: 2/2
   730 | D:1      | Reached XP level 3. HP: 28/28 MP: 3/3
  1001 | D:2      | Reached skill level 3 in Fighting
  1053 | D:2      | Found an iron altar of Okawaru.
  1088 | D:2      | Became a worshipper of Warmaster Okawaru
  1557 | D:3      | Reached XP level 4. HP: 35/35 MP: 4/4
  1627 | D:3      | Reached skill level 1 in Spellcasting
  1653 | D:3      | Found Tiafagad's General Store.
  1662 | D:3      | Bought a scroll of teleportation for 33 gold pieces
  1662 | D:3      | Bought a scroll of identify for 22 gold pieces
  1775 | D:3      | Reached XP level 5. HP: 41/41 MP: 6/6
  2013 | D:3      | Identified the +7 rapier of Detwesm {pain, *Corrode rF+
                  | Str+2}
  2123 | D:3      | Reached * piety under Okawaru
  2225 | D:3      | Reached skill level 5 in Long Blades
  2306 | D:3      | Found a faded altar of an unknown god.
  2538 | D:4      | Reached skill level 4 in Fighting
  2538 | D:4      | Reached XP level 6. HP: 21/48 MP: 8/8
  2587 | D:4      | Reached skill level 1 in Invocations
  2703 | D:4      | Learned a level 4 spell: Petrify
  2797 | D:4      | Noticed a black bear
  2805 | D:4      | Killed a black bear
  2909 | D:4      | Reached ** piety under Okawaru
  2910 | D:4      | Reached XP level 7. HP: 50/54 MP: 9/9
  3121 | D:4      | Reached skill level 1 in Transmutations
  3362 | D:5      | Entered Level 5 of the Dungeon
  3397 | D:5      | Found a glowing drain.
  3474 | Sewer    | Entered a sewer
  3525 | Sewer    | Reached skill level 5 in Fighting
  3742 | Sewer    | Reached skill level 5 in Stealth
  3848 | Sewer    | Reached XP level 8. HP: 63/63 MP: 10/10
  4223 | D:5      | Reached *** piety under Okawaru
  4240 | D:5      | Reached skill level 6 in Fighting
  4258 | D:5      | Noticed Grinder
  4287 | D:5      | Killed Grinder
  4497 | D:5      | Identified the +5 ring mail of the Weak God {rF+ Str+3
                  | Int+4}
  4554 | D:5      | Reached skill level 5 in Transmutations
  4558 | D:5      | Reached XP level 9. HP: 71/71 MP: 11/11
  4883 | D:6      | Reached skill level 1 in Earth Magic
  4998 | D:6      | Reached skill level 7 in Fighting
  5112 | D:6      | Reached **** piety under Okawaru
  5117 | D:6      | Found a sacrificial altar of Ru.
  5127 | D:6      | Noticed Menkaure
  5140 | D:6      | Killed Menkaure
  5198 | D:6      | Found a white marble altar of Elyvilon.
  5225 | D:6      | Found a staircase to the Ecumenical Temple.
  5414 | D:6      | Found a hide-covered altar of Uskayaw.
  5576 | D:7      | Identified the +2 robe of Snakes and Ladders {Dex+4}
  5584 | D:7      | Noticed a hornet
  5588 | D:7      | Paralysed by a hornet for 1 turns
  5589 | D:7      | Killed a hornet
  5705 | D:7      | Noticed a komodo dragon
  5809 | D:7      | Noticed Maggie
  5830 | D:7      | Killed Maggie
  5831 | D:7      | Reached skill level 8 in Fighting
  5874 | D:7      | Found a glowing golden altar of the Shining One.
  6024 | D:7      | Reached ***** piety under Okawaru
  6076 | D:7      | Reached XP level 10. HP: 72/80 MP: 13/13
  6087 | D:7      | Reached skill level 1 in Armour
  6585 | D:8      | Found a shimmering altar of Xom.
  6600 | D:8      | Reached skill level 5 in Dodging
  6709 | D:8      | Received a gift from Okawaru
  7124 | D:8      | Received a gift from Okawaru
  7125 | D:8      | Reached skill level 9 in Fighting
  7327 | D:9      | Reached skill level 1 in Shields
  7420 | D:9      | Noticed a manticore
  7422 | D:9      | Noticed a two-headed ogre
  7422 | D:9      | Noticed an orange demon
  7424 | D:9      | Noticed a six-headed hydra
  7432 | D:9      | Noticed a boulder beetle
  7561 | D:9      | Noticed Erica
  7618 | D:9      | Killed Erica
  7619 | D:9      | Reached XP level 11. HP: 81/89 MP: 16/16
  7641 | D:9      | Reached skill level 5 in Earth Magic
  7646 | D:9      | Noticed a two-headed ogre
  7660 | D:9      | Killed a two-headed ogre
  7732 | D:9      | Killed a manticore
  7880 | D:9      | Noticed a cyclops
  7886 | D:9      | Killed a two-headed ogre
  7899 | D:9      | Killed a cyclops
  7952 | D:9      | Noticed Amaemon
  7963 | D:9      | Reached skill level 10 in Fighting
  7978 | D:9      | Killed Amaemon
  7978 | D:9      | Identified the +1 crystal plate armour "Sazxat" {rPois
                  | Slay+2} (Okawaru gifted it to you on level 9 of the
                  | Dungeon)
  7978 | D:9      | Received a gift from Okawaru
  7979 | D:9      | Reached skill level 5 in Invocations
  8166 | D:9      | Killed a two-headed hydra
  8218 | D:9      | Noticed Maurice
  8235 | D:9      | Noticed Pikel
  8330 | D:8      | Killed Maurice
  8367 | D:8      | Killed Pikel
  8535 | D:9      | Killed a boulder beetle
  8660 | D:9      | Reached XP level 12. HP: 98/98 MP: 17/17
  8999 | D:9      | Reached skill level 5 in Shields
  9342 | D:10     | Entered Level 10 of the Dungeon
  9349 | D:10     | Found a shimmering blue altar of Sif Muna.
  9365 | D:10     | HP: 1/99 [poisoned by a gnoll sergeant]
  9475 | D:10     | Found a burning altar of Makhleb.
  9475 | D:10     | Found an ancient bone altar of Kikubaaqudgha.
  9480 | D:10     | Found a sparkling altar of Nemelex Xobeh.
  9488 | D:10     | Noticed a death yak
  9495 | D:10     | Noticed a death yak
  9497 | D:10     | Found a staircase to the Lair.
  9518 | D:10     | Killed a death yak
  9526 | D:10     | Killed a death yak
  9544 | D:10     | Noticed a death yak
  9587 | D:10     | Killed a death yak
  9588 | D:10     | Reached skill level 11 in Fighting
  9588 | D:10     | Reached skill level 5 in Armour
  9876 | D:10     | Found a transporter.
  9897 | D:10     | Found a transporter.
  9920 | D:10     | Found a transporter.
  9922 | D:10     | Found a transporter.
  9985 | D:10     | Found a shadowy altar of Dithmenos.
  9986 | D:10     | Found an iron altar of Okawaru.
  9986 | D:10     | Found a stormy altar of Qazlal.
  9986 | D:10     | Found an opulent altar of Gozag.
  9987 | D:10     | Found a blossoming altar of Fedhas.
  9990 | D:10     | Found a hazy altar of Hepliaklqana.
 10126 | D:11     | Received a gift from Okawaru
 10191 | Lair:1   | Entered Level 1 of the Lair of Beasts
 10212 | Lair:1   | Found a frozen archway.
 10245 | IceCv    | Entered an ice cave
 10298 | IceCv    | Reached skill level 1 in Evocations
 10306 | IceCv    | HP: 2/100 [very large slime creature (43)]
 10720 | IceCv    | Noticed a quicksilver ooze
 10730 | IceCv    | Killed a quicksilver ooze
 10730 | IceCv    | Received a gift from Okawaru
 10731 | IceCv    | Reached XP level 13. HP: 102/106 MP: 9/19
 10795 | IceCv    | Noticed an azure jelly
 10797 | IceCv    | Found a viscous altar of Jiyva.
 10797 | IceCv    | Noticed an azure jelly
 10813 | IceCv    | Killed an azure jelly
 10819 | IceCv    | HP: 5/107 [azure jelly (4)]
 10820 | IceCv    | HP: 2/107 [azure jelly (4)]
 10826 | IceCv    | Killed an azure jelly
 10932 | IceCv    | Identified the amulet of Riangupn {Regen+ Int+3}
 10935 | IceCv    | Got the ring "Erakhlao" {Ice Contam rElec rN+ Str+2}
 10937 | IceCv    | Got the ring of Xadenuoj {rC+ rN+ Will++ Int-3 Slay+3}
 10993 | IceCv    | Learned a level 3 spell: Ozocubu's Armour
 10997 | IceCv    | Learned a level 3 spell: Swiftness
 11144 | Lair:1   | Identified the +9 trident "Afrapil" {drain, rN+}
 11274 | Lair:1   | Received a gift from Okawaru
 11304 | Lair:1   | Noticed Grum
 11319 | Lair:1   | Killed Grum
 11320 | Lair:1   | Reached skill level 5 in Spellcasting
 11502 | Lair:1   | You fall into a shaft and drop 1 floor!
 11582 | Lair:2   | Reached skill level 12 in Fighting
 12835 | Lair:3   | Identified the +3 falchion "Widowermaker" {drain, rF-
                  | Str+7} (Okawaru gifted it to you on level 3 of the Lair of
                  | Beasts)
 12835 | Lair:3   | Received a gift from Okawaru
 12850 | Lair:3   | Reached skill level 5 in Evocations
 12859 | Lair:3   | Reached skill level 10 in Long Blades
 13220 | Lair:3   | Found a hole to the Spider Nest.
 13288 | Lair:3   | Found a staircase to the Swamp.
 13510 | Lair:4   | Found a staircase to the Slime Pits.
 13536 | Lair:4   | Reached XP level 14. HP: 107/116 MP: 23/23
 13550 | Lair:4   | Identified the +8 chain mail of Curiosity {rF+} (Okawaru
                  | gifted it to you on level 4 of the Lair of Beasts)
 13550 | Lair:4   | Received a gift from Okawaru
 13767 | Lair:4   | Reached skill level 10 in Dodging
 13774 | Lair:4   | Reached ****** piety under Okawaru
 13931 | Lair:4   | Reached skill level 13 in Fighting
 14112 | Lair:4   | Identified the +4 flail "Lesm" {elec, rPois}
 14187 | Lair:4   | Noticed a dire elephant
 14205 | Lair:4   | Killed a dire elephant
 14767 | Lair:5   | Entered Level 5 of the Lair of Beasts
 14768 | Lair:5   | Identified a scroll of acquirement
 15027 | Lair:5   | Acquired a +2 demon blade of freezing
 15098 | Lair:5   | Received a gift from Okawaru
 15460 | Lair:5   | Found a dark tunnel.
 15472 | Volcano  | Entered a volcano
 15540 | Volcano  | Identified the +6 plate armour of the Toothy God {Int+5
                  | Dex+2 SInv} (Okawaru gifted it to you in a volcano)
 15540 | Volcano  | Received a gift from Okawaru
 15798 | Volcano  | Found a bloodstained altar of Trog.
 15805 | Volcano  | Reached XP level 15. HP: 94/125 MP: 24/26
 15828 | Volcano  | Reached skill level 14 in Fighting
 16075 | Lair:5   | Identified the +4 glaive "Riobeh" {drain, rN+}
 16143 | Lair:5   | Got Sif Muna's Papyrus of the Blasted Undead
 16771 | D:11     | Found a transporter.
 16839 | D:11     | Found a transporter.
 16863 | D:11     | Found a transporter.
 16914 | D:11     | Found a transporter.
 17020 | D:11     | Found a staircase to the Orcish Mines.
 17401 | Orc:1    | Entered Level 1 of the Orcish Mines
 18049 | Orc:2    | Entered Level 2 of the Orcish Mines
 18963 | Orc:2    | Found Ilianom's Armour Boutique.
 18963 | Orc:2    | Found Deat Sekh's Book Emporium.
 18966 | Orc:2    | Found Emaotyg's General Store.
 18966 | Orc:2    | Found Jaisaut's Weapon Emporium.
 18984 | Orc:2    | Bought the +2 cloak of the Thief {*Fog Slay-2 SInv Stlth+}
                  | for 281 gold pieces
 18984 | Orc:2    | Found the +2 cloak of the Thief {*Fog Slay-2 SInv Stlth+}
 19075 | Orc:2    | Found a staircase to the Elven Halls.
 19381 | D:12     | Found Reojigra's Specific Store.
 19383 | D:12     | Found Luong's General Store.
 19387 | D:12     | Bought a potion of curing for 30 gold pieces
 19467 | D:12     | Noticed Fannar
 19491 | D:12     | Slain by a very large slime creature

Illustrated notes

Levels and vault maps discovered:
D:1:      dpeg_chamrin_arrival_tetris, layout_basic
D:2:      layout_basic, basic_altar, kennysheep_generic_room_8
D:3:      layout_basic, serial_shops, nicolae_diamond_shop,
          shapermc_ecumenical_altar_ellora
D:4:      layout_gridville
D:5:      layout_loops_ring, portal_sewer_entry_a,
          corexii_item_surrounded_by_moat, uniq_grinder
D:6:      layout_basic, mainiacjoe_overflow_concentric_impassable,
          nicolae_ru_the_path_less_chosen, nicolae_elyvilon_peaceful_grove,
          minmay_temple_entry_large_hall, uniq_menkaure
D:7:      layout_basic, nicolae_tso_carved_into_rock, minmay_lizard_king,
          uniq_maggie
D:8:      layout_loops_ring, mainiacjoe_overflow_boulevard, serial_undead,
          serial_undead_a, serial_undead_b, serial_undead_d, serial_undead_b,
          serial_undead_b, serial_undead_a
D:9:      nzn_winding_woodlands_small [nzn_winding_woodlands_5x15_sawtooth,
          nzn_winding_woodlands_center_pierced_h,
          nzn_winding_woodlands_5x15_split_checker], layout_stronghold,
          serial_bayou_pond_d, minmay_variable_closet,
          minmay_fractal_squares_diagonal_5, uniq_erica, uniq_maurice,
          uniq_amaemon, uniq_pikel
D:10:     layout_rooms, mainiacjoe_overflow_cross_hatched, minitemple,
          dpeg_lair_monsters, nicolae_diode_intersection
D:11:     layout_basic, erik_orc_4, nicolae_transporter_intersection
D:12:     layout_irregular_city, nicolae_specific_store, uniq_fannar
Lair:1:   layout_roguey, portal_ice_cave_rime, gauntlet_entry_generic,
          nicolae_lair_lil_pond, infiniplex_staircase_pool_2, uniq_grum
Lair:2:   layout_long_grid
Lair:3:   layout_roguey, minmay_swamp_entry_swarm, dummy_spider_entry,
          serial_bayou_shore_b, grunt_megastairs_5
Lair:4:   onia_ninara_swampy_vault, layout_cave_pods,
          nicolae_slime_entry_field_trip, chequers_serial_rivers_room_b,
          nicolae_lair_lakeside_cave
Lair:5:   gammafunk_lair_ancient_temple, layout_small_grid,
          nicolae_volcano_entry_two_sided
Orc:1:    layout_caves
Orc:2:    grunt_orc_tribal_feast, layout_caves, mines1_david

Skill      XL: |  1  2  3  4  5  6  7  8  9 10 11 12 13 14 15 |
---------------+----------------------------------------------+-----
Stealth        | 1 2 3 4 5 6 8 |  8.4
Long Blades    | 4 5 6 7 8 10 11 13 | 13.3
Fighting       | 3 4 5 6 8 9 10 11 12 13 14 | 14.8
Spellcasting   | 1 2 3 4 6 7 |  7.9
Invocations    | 2 3 5 7 8 |  8.2
Transmutations | 2 5 |  5.2
Earth Magic    | 3 4 6 |  6.7
Armour         | 3 4 5 |  5.2
Dodging        | 6 7 9 11 | 11.7
Shields        | 2 4 5 |  5.9
Evocations     | 2 5 7 |  7.5
Throwing       | |  2.0

Action                     |  1- 3 |  4- 6 |  7- 9 | 10-12 | 13-15 || total
---------------------------+-------+-------+-------+-------+-------++-------
  Melee: Long sword        |    96 |   176 |   440 |   233 |       ||   945
         Punch             |     1 |     5 |     5 |     5 |       ||    16
         Tailslap          |       |       |    23 |     1 |    31 ||    55
         Scimitar          |       |       |       |   512 |   646 ||  1158
         Demon blade       |       |       |       |       |   605 ||   605
  Throw: Throwing net      |       |       |     1 |     3 |       ||     4
         Dart              |       |       |     1 |    19 |     4 ||    24
         Javelin           |       |       |     1 |       |     6 ||     7
   Cast: Petrify           |       |       |       |       |     1 ||     1
 Invoke: Heroism           |       |     1 |     1 |     6 |    18 ||    26
         Finesse           |       |       |       |     1 |     1 ||     2
  Evoke: Wand              |       |       |     2 |    10 |     6 ||    18
    Use: Scroll            |     3 |     4 |     5 |    18 |    12 ||    42
         Potion            |       |       |       |     4 |     7 ||    11
   Stab: Sleeping          |     5 |     2 |    14 |     6 |    12 ||    39
         Distracted        |       |     1 |     1 |     3 |     4 ||     9
         Held in net/web   |       |       |       |     4 |       ||     4
         Invisible         |       |       |       |       |     3 ||     3
 Armour: Leather armour    |    29 |    63 |    48 |       |       ||   140
         Ring mail         |       |       |    63 |   311 |   369 ||   743
         Crystal plate arm |       |       |       |    19 |       ||    19
         Chain mail        |       |       |       |       |    14 ||    14
  Dodge: Dodged            |    58 |   123 |   232 |   647 |   980 ||  2040
  Block: Buckler           |       |       |       |   163 |   417 ||   580

Table legend: (Time is in decaauts)
 A = Elapsed time spent in this place.
 B = Non-inter-level travel time spent in this place.
 C = Inter-level travel time spent in this place.
 D = Time resting spent in this place.
 E = Time spent auto-exploring this place.
 F = Levels seen in this place.
 G = Mean time per level.
                   A        B        C        D        E       F      G
               +--------+--------+--------+--------+--------+-----+--------+
         Total |  19059 |  18225 |    834 |   1026 |  10844 |  22 |  866.3 |
       Dungeon |  10642 |  10175 |    467 |    531 |   6483 |  12 |  886.8 |
          Lair |   4872 |   4697 |    175 |    136 |   2846 |   5 |  974.4 |
  Orcish Mines |   1751 |   1561 |    190 |    116 |   1020 |   2 |  875.5 |
         Sewer |    491 |    491 |      0 |      0 |    263 |   1 |  491.0 |
      Ice Cave |    853 |    853 |      0 |    243 |    115 |   1 |  853.0 |
       Volcano |    448 |    448 |      0 |      0 |    117 |   1 |  448.0 |
               +--------+--------+--------+--------+--------+-----+--------+

Top non-repeatable levels by time:
     D:9: 1785 daAuts
  Lair:4: 1266 daAuts
  Lair:5: 1203 daAuts
   Orc:2: 1121 daAuts
     D:8: 1089 daAuts
  Lair:2: 1048 daAuts
     D:7: 1026 daAuts
     D:4: 955 daAuts
     D:1: 945 daAuts
     D:3: 892 daAuts
   IceCv: 853 daAuts
  Lair:3: 826 daAuts
     D:5: 797 daAuts
    D:11: 783 daAuts
    D:10: 777 daAuts
